 Dungeon Crawl Stone Soup version 0.21.0 (webtiles) character file.

11714 Leibowitz the Slicer (level 12, -5/76 HPs)
             Began as a Kobold Gladiator on Jan 6, 2018.
             Was an Initiate of Wu Jian.
             Slain by an unseen horror (10 damage)
             ... on level 9 of the Dungeon on Jan 7, 2018.
             The game lasted 00:47:31 (13253 turns).

Leibowitz the Slicer (Kobold Gladiator)            Turns: 13253, Time: 00:47:32

Health: -5/76      AC: 12    Str:  8    XL:     12   Next: 11%
Magic:  12/12      EV: 21    Int: 10    God:    Wu Jian [......]
Gold:   732        SH:  3    Dex: 24    Spells: 11/11 levels left

rFire    + . .     SeeInvis .   a - +2 short sword (vamp)
rCold    + . .     Gourm    .   (shield restricted)
rNeg     . . .     Faith    .   D - +0 ring mail of Resonance {-Cast rElec MR+++ Str-4}
rPois    .         Spirit   .   c - +1 helmet
rElec    +         Reflect  +   i - +0 cloak
rCorr    .         Harm     .   (no gloves)
MR       +++..     NoCast   +   (no boots)
Stlth    ++++......             q - +3 amulet of reflection
HPRegen  0.22/turn              E - ring "Kinwid" {rF+ rC+ Dex+4 Slay-2}
MPRegen  0.13/turn              r - +3 ring of protection

@: no status effects
A: small, carnivore
a: Renounce Religion


You were on level 9 of the Dungeon.
You worshipped Wu Jian.
Wu Jian was noncommittal.
You were very full.

You visited 3 branches of the dungeon, and saw 12 of its levels.

You collected 732 gold pieces.

Inventory:

Hand Weapons
 a - a +2 vampiric short sword (weapon)
 k - a +1 rapier
 o - a +0 blowgun
Missiles
 d - 3 throwing nets (quivered)
 e - 3 exploding tomahawks
 B - 5 curare-tipped needles
Armour
 b - a +0 leather armour
 c - a +1 helmet (worn)
 i - a +0 cloak (worn)
 D - the +0 ring mail of Resonance (worn) {-Cast rElec MR+++ Str-4}
   (You found it on level 9 of the Dungeon)

   It affects your strength (-4).
   It insulates you from electricity.
   It affects your resistance to hostile enchantments.
   It prevents spellcasting.
Jewellery
 m - an uncursed ring of protection from magic
 q - a +3 amulet of reflection (around neck)
 r - a +3 ring of protection (right hand)
 w - an uncursed amulet of faith
 C - an uncursed ring of flight
 E - the ring "Kinwid" (left hand) {rF+ rC+ Dex+4 Slay-2}
   (You took it off an orc on level 8 of the Dungeon)

   [ring of protection from cold]

   It affects your dexterity (+4).
   It affects your accuracy and damage with ranged weapons and melee attacks
   (-2).
   It protects you from fire.
   It protects you from cold.
Wands
 g - a wand of enslavement (12)
 j - a wand of acid (9)
 t - a wand of disintegration (15)
 y - a wand of paralysis (14)
 z - a wand of iceblast (8)
Scrolls
 l - 5 scrolls of enchant weapon
 n - 3 scrolls of remove curse
 p - 2 scrolls of fear
 s - 2 scrolls of amnesia
 u - 3 scrolls of identify
 v - 4 scrolls of blinking
 A - a scroll of silence {unknown}
 F - a scroll of teleportation
Potions
 h - a potion of curing
 x - 3 potions of lignification
Comestibles
 f - 20 rations


   Skills:
 * Level 9.5 Fighting
 * Level 13.5 Short Blades
 - Level 2.1 Throwing
 * Level 5.4 Armour
 * Level 10.5 Dodging
 * Level 10.3 Stealth


You had 11 spell levels left.
You didn't know any spells.

Dungeon Overview and Level Annotations

Branches:
Dungeon (10/15)            Temple (1/1) D:5             Orc (1/2) D:9
   Lair: D:8-11

Altars:
Ashenzari
Cheibriados
Dithmenos
Elyvilon
Fedhas
Gozag
Hepliaklqana
Kikubaaqudgha
Makhleb
Nemelex Xobeh
Okawaru
Qazlal
Ru
Sif Muna
Trog
Uskayaw
Vehumet
Wu Jian
Xom
Yredelemnul
Zin
The Shining One
Beogh

Shops:
D:5 *   D:9 :


Innate Abilities, Weirdness & Mutations

You are small and have problems with some larger weapons.
You are carnivorous and can eat meat at any time.


Message History

Something hits you but does no damage. Something closely misses you.
There is a stone staircase leading up here.
Something barely misses you.
You climb upwards.
There is a stone staircase leading down here.
You hit something.
You feel better. Something hits you but does no damage.
You hit something.
You feel better. Something hits you!
* * * LOW HITPOINT WARNING * * *
Something hits you but does no damage. x2
Something hits you!
* * * LOW HITPOINT WARNING * * *
Something hits you but does no damage. Something hits you!
* * * LOW HITPOINT WARNING * * *
You feel better. Something hits you.
* * * LOW HITPOINT WARNING * * *
You hit something.
You feel better. Something hits you but does no damage.
You hit something but do no damage. Something hits you!
You die...

##### #########
...<# #.......#
###.# #.#####.#####
###.####.####..{@..#
........[.....>###.#
.##.####.##.#..###.#
.##.# #........##.#
....# #.####...##.#
.#### #.####...##)#
########)).........#
###.....)######.####
(...(....# #..#


There were no monsters in sight!

Vanquished Creatures
  4 two-headed ogres
  The ghost of Roak the Geomancer, a novice GrEE of Vehumet (D:8)
  4 trolls
  A hornet (D:9)
  Grinder (D:5)
  A spriggan (D:7)
  Eustachio (D:5)
  A hungry ghost (D:9)
  Menkaure (D:4)
  Duvessa (D:5)
  4 ice beasts
  9 orc warriors
  7 sky beasts
  2 ogres
  4 phantoms
  2 black bears
  3 centaurs
  8 big kobolds
  The ghost of Torax the Conjurer, an amateur TeCj (D:3)
  A gnoll sergeant (D:8)
  10 bullfrogs
  A water moccasin skeleton (D:5)
  Dowan (D:5)
  A scorpion (D:5)
  5 killer bees (D:6)
  6 howler monkeys
  A bullfrog zombie (D:6)
  5 crimson imps
  3 jellies
  12 orc priests
  6 hounds
  A bullfrog skeleton (D:7)
  An iron imp (D:7)
  A gnoll shaman (D:5)
  Ijyb (D:5)
  15 orc wizards
  An iguana (D:5)
  6 worker ants
  A killer bee zombie (D:6)
  2 hound skeletons
  A worker ant zombie (D:5)
  Robin (D:3)
  13 adders
  15 gnolls
  A howler monkey skeleton (D:5)
  2 shadow imps
  An ooze (D:5)
  An adder skeleton (D:6)
  3 worms
  A dart slug (D:3)
  6 leopard geckos
  59 orcs
  9 bats
  5 giant cockroaches
  16 goblins
  12 hobgoblins
  6 jackals
  55 kobolds
  3 quokkas
  4 ball pythons
  4 frilled lizards
  A goblin skeleton (D:7)
  2 goblin zombies (D:7)
  A hobgoblin zombie (D:7)
  A jackal skeleton (D:6)
  A leopard gecko skeleton (D:6)
  3 orc zombies (D:7)
  A quokka skeleton (D:4)
  A quokka zombie (D:7)
  9 rats
375 creatures vanquished.

Vanquished Creatures (collateral kills)
  An orc (D:9)
1 creature vanquished.

Vanquished Creatures (others)
  An orc priest (D:9)
  An orc wizard (D:9)
2 creatures vanquished.

Grand Total: 378 creatures vanquished

Notes
Turn   | Place    | Note
-------+----------+-------------------------------------------
     0 | D:1      | Leibowitz the Kobold Gladiator began the quest for the Orb.
     0 | D:1      | Reached XP level 1. HP: 12/12 MP: 1/1
    84 | D:1      | Reached XP level 2. HP: 17/17 MP: 2/2
   235 | D:1      | Reached XP level 3. HP: 21/22 MP: 3/3
   590 | D:2      | Found a sacrificial altar of Ru.
   593 | D:2      | Reached skill level 1 in Stealth
   706 | D:2      | Reached skill level 5 in Short Blades
   720 | D:2      | Reached XP level 4. HP: 20/27 MP: 4/4
  1318 | D:3      | Noticed Robin
  1425 | D:3      | Noticed Torax's ghost (amateur TeCj)
  1538 | D:3      | Killed Robin
  1538 | D:3      | Reached XP level 5. HP: 20/32 MP: 5/5
  1785 | D:3      | Reached skill level 1 in Armour
  1813 | D:3      | Found a bloodstained altar of Trog.
  1833 | D:3      | Found a sacrificial altar of Ru.
  2026 | D:3      | Noticed a big kobold
  2060 | D:3      | Killed a big kobold
  2060 | D:3      | Reached skill level 6 in Short Blades
  2060 | D:3      | Reached XP level 6. HP: 28/37 MP: 6/6
  2118 | D:3      | Killed Torax's ghost
  2660 | D:3      | Reached skill level 7 in Short Blades
  2660 | D:3      | Reached skill level 5 in Dodging
  2660 | D:3      | Reached XP level 7. HP: 22/41 MP: 7/7
  3602 | D:3      | Reached skill level 8 in Short Blades
  3602 | D:3      | Reached XP level 8. HP: 42/48 MP: 8/8
  3937 | D:4      | Found a shattered altar of Ashenzari.
  4098 | D:4      | Noticed Menkaure
  4119 | D:4      | Killed Menkaure
  4550 | D:4      | Found a hide-covered altar of Uskayaw.
  4633 | D:4      | Reached skill level 9 in Short Blades
  4925 | D:5      | Entered Level 5 of the Dungeon
  4925 | D:5      | Noticed a two-headed ogre
  4954 | D:5      | Killed a two-headed ogre
  4954 | D:5      | Reached skill level 5 in Fighting
  4954 | D:5      | Reached skill level 10 in Short Blades
  4954 | D:5      | Reached skill level 5 in Stealth
  4954 | D:5      | Reached XP level 9. HP: 40/54 MP: 9/9
  5102 | D:5      | Found a staircase to the Ecumenical Temple.
  5112 | Temple   | Entered the Ecumenical Temple
  5269 | D:5      | Noticed Duvessa
  5269 | D:5      | Noticed Dowan
  5419 | D:5      | Noticed Eustachio
  5516 | D:5      | Killed Eustachio
  5915 | D:5      | Found Riakyrph's General Store.
  5999 | D:5      | HP: 2/55 [poisoned by a scorpion]
  6007 | D:5      | HP: 2/55 [poisoned by a scorpion]
  6315 | D:5      | Noticed Grinder
  6317 | D:5      | Killed Grinder
  6317 | D:5      | Reached skill level 11 in Short Blades
  6446 | D:5      | Noticed Ijyb
  6449 | D:5      | Killed Ijyb
  6477 | D:5      | Reached XP level 10. HP: 41/61 MP: 10/10
  6745 | D:6      | Noticed a two-headed ogre
  6764 | D:6      | Killed a two-headed ogre
  7387 | D:6      | Reached skill level 12 in Short Blades
  7972 | D:7      | Found a glowing golden altar of the Shining One.
  8253 | D:7      | Found an ancient bone altar of Kikubaaqudgha.
  8816 | D:8      | Reached XP level 11. HP: 47/68 MP: 11/11
  8817 | D:8      | Noticed Roak's ghost (novice GrEE)
  9740 | D:8      | Got a steaming brass ring
  9996 | D:8      | Killed Roak's ghost
 10099 | D:5      | Killed Dowan
 10121 | D:5      | Killed Duvessa
 10664 | D:9      | Found a deep blue altar of Sif Muna.
 10790 | D:9      | Found Ympieps's Book Shop.
 10860 | D:9      | Noticed a two-headed ogre
 10889 | D:9      | Killed a two-headed ogre
 10935 | D:9      | Reached skill level 13 in Short Blades
 10952 | D:10     | Entered Level 10 of the Dungeon
 11122 | D:9      | Got a polished ring mail
 11133 | D:9      | Identified the +0 ring mail of Resonance {-Cast rElec MR+++ Str-4} (You found it on level 9 of the Dungeon)
 11134 | D:9      | Identified the ring "Kinwid" {rF+ rC+ Dex+4 Slay-2} (You took it off an orc on level 8 of the Dungeon)
 11153 | D:9      | Reached skill level 5 in Armour
 11197 | D:9      | Found a staircase to the Orcish Mines.
 11226 | Orc:1    | Entered Level 1 of the Orcish Mines
 11253 | Orc:1    | Reached skill level 10 in Dodging
 11398 | D:9      | Found a roughly hewn altar of Beogh.
 11506 | D:9      | HP: 2/71 [orc priest/divine providence (17)]
 11521 | D:9      | Reached skill level 10 in Stealth
 11871 | D:9      | Noticed a two-headed ogre
 12047 | D:9      | Killed a two-headed ogre
 12369 | D:9      | Found an ornate altar of the Wu Jian Council.
 12369 | D:9      | Found a snail-covered altar of Cheibriados.
 12369 | D:9      | Found an iron altar of Okawaru.
 12374 | D:9      | Became a worshipper of the Wu Jian Council
 12400 | D:9      | Reached XP level 12. HP: 76/76 MP: 12/12
 13150 | D:10     | Found a sacrificial altar of Ru.
 13250 | D:9      | HP: 1/76 [something (8)]
 13253 | D:9      | Slain by an unseen horror

Skill      XL: |  1  2  3  4  5  6  7  8  9 10 11 |
---------------+----------------------------------+-----
Dodging        | 4 5 6 7 8 10 | 10.5
Stealth        | 1 2 3 5 6 8 10 | 10.3
Short Blades   | 5 6 7 8 10 11 12 13 | 13.5
Armour         | 1 2 3 4 5 |  5.4
Fighting       | 3 4 5 6 7 9 |  9.5
Throwing       | |  2.1

Action                   |  1- 3 |  4- 6 |  7- 9 | 10-12 || total
-------------------------+-------+-------+-------+-------++-------
Melee: Rapier            |    88 |   234 |   155 |       ||   477
       Short sword       |       |       |   405 |  1578 ||  1983
Throw: Throwing net      |       |     1 |     4 |     1 ||     6
Invok: Lunge             |       |       |       |     9 ||     9
Evoke: Wand              |       |       |       |     3 ||     3
  Use: Scroll            |     3 |     2 |     1 |     6 ||    12
       Potion            |       |       |     7 |     7 ||    14
 Stab: Sleeping          |     1 |     1 |    10 |    23 ||    35
       Held in net/web   |       |     1 |     4 |     1 ||     6
       Distracted        |       |       |       |     3 ||     3
       Invisible         |       |       |       |    13 ||    13
  Eat: Chunk             |     7 |     4 |    20 |    31 ||    62
Armor: Leather armour    |    20 |    44 |    73 |    85 ||   222
       Skin              |       |       |     9 |       ||     9
       Ring mail         |       |       |       |   114 ||   114
Dodge: Dodged            |    66 |   189 |   376 |   797 ||  1428
Block: Other             |       |    16 |    22 |   133 ||   171
       Reflection        |       |     1 |     2 |     1 ||     4
